 Dungeon Crawl Stone Soup version 0.31-a0-925-g0a390f2509 (webtiles) character file.

Game seed: 6163514391795175083

74 Persephone the Ruffian (level 4, 0/23 HPs)
             Began as a Vine Stalker Shapeshifter on Oct 18, 2023.
             Slain by a ball python (1 damage)
             ... on level 2 of the Dungeon.
             The game lasted 00:02:29 (1360 turns).

Persephone the Ruffian (Vine Stalker Shapeshifter)  Turns: 1360, Time: 00:02:29

Health: 0/23       AC:  6    Str: 18    XL:     4   Next: 28%
Magic:  0/5        EV:  3    Int: 10    God:
Gold:   32         SH:  0    Dex: 14    Spells: 3/3 levels left

rFire   . .          .
                       - Unarmed
rCold   . . .        (no shield)
rNeg    . . .        a - +0 animal skin
rPois   .            (helmet currently unavailable)
rElec   .            (cloak currently unavailable)
rCorr   .            (gloves currently unavailable)
SInv    .            (boots currently unavailable)
Will    .....        (no amulet)
Stlth   +            j - +4 ring of protection
HPRegen 1.03/turn    (no ring)
MPRegen 0.09/turn

%: guardian spirit
@: beast-form, held, constricted
A: beast (slay +2), fangs 2, regeneration 1, magic shield, antimagic bite, no
potion heal 2
a: Begin Untransformation


You were on level 2 of the Dungeon.
You were a hulking beast.
You visited 1 branch of the dungeon, and saw 2 of its levels.

You collected 32 gold pieces.

Inventory:

Armour
 a - a +0 animal skin (worn)
Jewellery
 j - a +4 ring of protection (left hand)
Talismans
 c - a beast talisman (active)
 d - a flux talisman
 l - a serpent talisman
Scrolls
 h - 2 scrolls of identify {unknown}
 m - a scroll of silence {unknown}
Potions
 b - a potion of lignification
 e - a potion of mutation {unknown}
 f - a potion of heal wounds {unknown}
 g - a potion of brilliance {unknown}
 i - a potion of haste {unknown}
 k - a potion of resistance {unknown}


   Skills:
 + Level 1.9 Fighting
 - Level 1.7 Dodging
 + Level 3.9 Unarmed Combat
 * Level 3.5 Shapeshifting


You had 3 spell levels left.
You didn't know any spells.
Your spell library contained the following spells:

 Spells                   Type           Power      Damage    Failure   Level
 Iskenderun's Battlesphe  Conj           0%         2d6       100%        5
 Bombard                  Conj/Erth      0%         9d1       100%        6
 Spellforged Servitor     Conj/Summ      0%         N/A       100%        7


Dungeon Overview and Level Annotations

Branches:
Dungeon (2/15)

Altars:
Nemelex Xobeh


Innate Abilities, Weirdness & Mutations

You are a hulking beast.
Your limbs bulge with bestial killing power. (Slay +2)
You have extremely sharp teeth.
Your natural rate of healing is unusually fast.
When hurt, damage is shared between your health and your magic reserves.
Your bite disrupts and absorbs the magic of your enemies.
Potions cannot restore your health.


Message History

You are held in a net!
You are held in a net!
You are held in a net!
You are held in a net!
You struggle against the net.
A gnoll comes into view. It is wielding a +0 spear.
You tear a large gash into the net.
The gnoll shouts!
The gnoll hits you with a +0 whip.
A gnoll comes into view. It is wielding a +0 spear.
You rip the net and break free!
The ball python barely misses you. The ball python grabs you.
The ball python constricts you. The gnoll hits you with a +0 whip.
The ball python bites you. The ball python constricts you.
You escape the ball python's grasp.
The gnoll hits you with a +0 whip. The ball python misses you.
The ball python barely misses you. The ball python barely misses you.
The ball python misses you. The gnoll attacks as it pursues you!
The gnoll hits you but does no damage.
The gnoll throws a throwing net.
The throwing net hits you.
You become entangled in the net!
You see here a throwing net.
You struggle against the net.
The ball python bites you but does no damage.
The ball python grabs you. The ball python constricts you.
The gnoll hits you from afar with a +0 spear.
The gnoll hits you with a +0 club.
The ball python bites you but does no damage.
The ball python constricts you.
You struggle against the net.
The gnoll hits you from afar with a +0 spear!
The ball python bites you but does no damage.
The ball python constricts you.
* * * LOW HITPOINT WARNING * * *
The gnoll barely misses you.
You tear a large gash into the net.
The gnoll hits you from afar with a +0 spear!
* * * LOW HITPOINT WARNING * * *
The ball python bites you.
You die...

......$... #$........
#####.........
#.....).......
#............. ##
#............. .###
#...$.g.......
...##########...gS...!....
##..........#...h.g.......
#..#######.#...g#........
#...# #.#..†.#........
##..# #.####.#........
#..## #.####.#.......
#...# #†#.....#######
##..## #.#.#...#
##..####.......#
#..........####


You could see 4 gnolls and a ball python.

Vanquished Creatures
  2 adders (D:2)
  A dart slug (D:2)
  4 ball pythons
  2 endoplasms (D:1)
  3 giant cockroaches (D:1)
  3 goblins
  5 hobgoblins
  8 jackals (D:1)
  3 kobolds
  5 quokkas (D:1)
  4 bats
  4 frilled lizards
  3 rats
47 creatures vanquished.

Notes
Turn   | Place    | Note
-------+----------+-------------------------------------------
     0 | D:1      | Persephone the Vine Stalker Shapeshifter began the quest
                  | for the Orb.
     0 | D:1      | Reached XP level 1. HP: 9/9 MP: 2/2
    40 | D:1      | Reached skill level 1 in Fighting
   107 | D:1      | Reached XP level 2. HP: 14/14 MP: 3/3
   422 | D:1      | Reached XP level 3. HP: 11/18 MP: 2/4
  1168 | D:2      | Found a sparkling altar of Nemelex Xobeh.
  1215 | D:2      | Reached XP level 4. HP: 23/23 MP: 5/5
  1360 | D:2      | HP: 1/23 [gnoll/+0 spear (6)]
  1360 | D:2      | Slain by a ball python

Illustrated notes

Levels and vault maps discovered:
D:1:      minmay_arrival_four_loops, layout_loops_corners
D:2:      layout_basic, basic_altar

Skill      XL: |  1 |
---------------+----+-----
Fighting       | 1 |  1.9
Dodging        | |  1.7
Unarmed Combat | |  3.9
Shapeshifting  | |  3.5

Action                     |  1- 3 |  4- 6 || total
---------------------------+-------+-------++-------
  Melee: Unarmed           |   106 |     9 ||   115
         Bite              |    21 |     2 ||    23
         Punch             |     3 |       ||     3
   Stab: Sleeping          |     2 |     1 ||     3
 Armour: Animal skin       |    44 |    19 ||    63
  Dodge: Dodged            |    53 |    14 ||    67

Table legend: (Time is in decaauts)
 A = Elapsed time spent in this place.
 B = Non-inter-level travel time spent in this place.
 C = Inter-level travel time spent in this place.
 D = Time resting spent in this place.
 E = Time spent auto-exploring this place.
 F = Levels seen in this place.
 G = Mean time per level.
                   A        B        C        D        E       F      G
               +--------+--------+--------+--------+--------+-----+--------+
         Total |   1351 |   1289 |     62 |      0 |   1037 |   2 |  675.5 |
       Dungeon |   1351 |   1289 |     62 |      0 |   1037 |   2 |  675.5 |
               +--------+--------+--------+--------+--------+-----+--------+

Top non-repeatable levels by time:
     D:1: 1112 daAuts
     D:2: 239 daAuts
